Map: [ESL] Data-C

Players

ArT - Winner!

  • Race: Protoss Protoss
  • Spawn Location: 9:00

NightPhoenix

  • Race: Protoss Protoss
  • Spawn Location: 3:00

Event: DreamHack SC2 Masters 2022 Atlanta (Online)

VOD

Have the link to the VOD?

Description

Time

  • Played on: Oct. 9, 2022, 1:11 p.m.
  • Length: 14:54

All games in this series

Show
View Real Time Build Order
Export as new Build Order

ArT Protoss - Winner!

Build Orders: Phoenix Opening 

Get SALT Encoding   

  12  0:00  Probe  
  13  0:12  Probe  
  14  0:19  Pylon  
  14  0:24  Probe  
  15  0:37  Probe (Chrono Boost)  
  15  0:38  Gateway  
  16  0:46  Probe (Chrono Boost)  
  16  0:47  Assimilator  
  17  0:51  Probe (Chrono Boost)  
  18  1:00  Assimilator  
  18  1:04  Probe (Chrono Boost)  
  19  1:12  Gateway  
  19  1:13  Probe (Chrono Boost)  
  20  1:20  Probe  
  21  1:28  Cybernetics Core  
  22  1:32  Probe  
  22  1:38  Pylon  
  22  1:44  Probe  
  23  1:57  Probe  
  24  2:02  Warp Gate (Chrono Boost)  
  24  2:05  Sentry, Stalker  
  28  2:12  Pylon  
  28  2:13  Probe  
  29  2:26  Pylon  
  29  2:32  Stalker  
  29  2:35  Stalker  
  33  2:38  Phoenix, Probe  
  34  2:58  Nexus  
  34  3:06  Sentry x2  
  34  3:11  Pylon  
  38  3:15  Probe  
  39  3:26  Twilight Council  
  39  3:29  Probe  
  40  3:36  Shield Battery  
  40  3:45  Stalker x2  
  40  3:48  Probe  
  45  4:00  Shield Battery, Probe  
  46  4:10  Probe  
  46  4:11  Shield Battery  
  46  4:12  Probe  
  46  4:14  Stalker  
  50  4:21  Stalker, Blink (Chrono Boost)  
  50  4:22  Probe  
  53  4:24  Probe  
  54  4:34  Probe  
  54  4:36  Probe  
  56  4:39  Stalker  
  57  4:47  Probe  
  57  4:48  Probe  
  59  4:54  Pylon  
  59  4:59  Probe, Stalker  
  62  5:12  Probe x2  
  62  5:24  Probe  
  62  5:25  Probe  
  62  5:26  Nexus  
  62  5:27  Pylon  
  63  5:33  Gateway, Stalker x2  
  67  5:36  Probe  
  67  5:38  Probe  
  67  5:41  Assimilator  
  69  5:46  Robotics Facility  
  69  5:49  Shield Battery, Probe  
  70  5:53  Probe  
  71  5:57  Stalker x2  
  71  6:01  Probe  
  76  6:07  Pylon  
  76  6:10  Probe  
  77  6:12  Charge  
  77  6:13  Probe  
  77  6:15  Gateway  
  78  6:25  Probe x2, Pylon  
  80  6:34  Observer (Chrono Boost)  
  80  6:38  Probe (Chrono Boost)  
  80  6:39  Stalker x2  
  87  6:40  Forge  
  87  6:41  Probe x2 (Chrono Boost)  
  87  6:43  Observer  
  87  6:46  Stalker  
  90  6:49  Pylon  
  90  6:50  Probe (Chrono Boost)  
  90  6:51  Probe (Chrono Boost)  
  90  6:53  Probe (Chrono Boost)  
  93  6:55  Immortal (Chrono Boost)  
  93  6:58  Probe  
  93  7:00  Probe  
  99  7:08  Shield Battery, Adept  
  99  7:09  Adept  
  99  7:10  Observer  
  99  7:11  Stalker  
  99  7:13  Protoss Ground Weapons Level 1 (Chrono Boost), Probe  
  106  7:16  Probe  
  107  7:25  Probe  
  107  7:26  Probe  
  107  7:27  Observer  
  107  7:29  Gateway  
  105  7:32  Immortal (Chrono Boost)  
  105  7:33  Probe  
  110  7:39  Probe  
  110  7:41  Assimilator  
  110  7:42  Pylon  
  111  7:44  Assimilator, Pylon  
  111  7:47  Photon Cannon  
  111  8:01  Templar Archives  
  111  8:03  Gateway  
  111  8:05  Gateway  
  109  8:08  Warp Prism (Chrono Boost)  
  109  8:09  Stalker x2  
  113  8:14  Pylon  
  113  8:20  Observer  
  109  8:30  Nexus  
  109  8:33  Gateway  
  109  8:39  Gateway  
  109  8:43  Observer  
  109  8:44  High Templar x2  
  109  8:46  Pylon  
  109  8:48  Zealot, High Templar x2  
  115  8:50  Archon, Photon Cannon  
  115  8:51  Probe x2  
  115  8:53  Assimilator, Pylon  
  115  8:54  Archon  
  121  8:59  Probe  
  121  9:01  Zealot x2  
  126  9:03  Probe  
  126  9:04  Pylon  
  126  9:07  Observer (Chrono Boost)  
  126  9:09  Photon Cannon  
  128  9:10  Shield Battery  
  128  9:22  Zealot x7  
  135  9:48  Protoss Ground Weapons Level 2 (Chrono Boost)  
  135  9:52  High Templar x3  
  139  9:53  Zealot x4, High Templar  
  139  9:54  Zealot  
  139  9:55  Nexus  
  139  9:58  Archon  
  149  10:06  Archon  
  149  10:07  Photon Cannon  
  147  10:08  Probe  
  147  10:10  Pylon  
  147  10:13  Pylon  
  148  10:14  Zealot x5  
  152  10:23  Observer  
  132  10:30  Stalker x3  
  136  10:41  Robotics Bay  
  136  10:42  Stalker x2  
  138  10:43  Stalker x3  
  138  10:46  Probe x2  
  144  10:50  Robotics Facility  
  144  10:56  Probe  
  139  11:06  Warp Prism (Chrono Boost)  
  129  11:11  Stalker x2  
  129  11:12  Stalker x4  
  141  11:23  Stalker x3  
  139  11:38  Disruptor  
  134  11:44  Stalker x4  
  140  11:54  Stalker x3  
  140  11:57  Assimilator x2  
  138  12:04  Observer  
  138  12:05  Probe  
  138  12:07  Dark Shrine  
  139  12:09  Photon Cannon  
  139  12:14  Zealot x2, Gateway  
  139  12:15  Zealot x4  
  151  12:16  Photon Cannon  
  145  12:28  Disruptor (Chrono Boost)  
  145  12:33  Observer  
  149  12:38  Disruptor (Chrono Boost)  
  149  12:43  Stalker x5  
  151  12:44  Zealot x3  
  151  12:50  Zealot  
  155  12:59  Observer  
  149  13:09  Zealot x2  
  149  13:10  Zealot x6  
  149  13:11  Zealot x2  
  149  13:12  Probe x2  
  145  13:22  Probe  
  134  13:29  Warp Prism (Chrono Boost)  
  129  13:35  Disruptor (Chrono Boost), Probe x2  
  129  13:37  Photon Cannon  
  129  13:40  Shield Battery  
  112  13:44  Pylon  
  106  13:54  Stalker x7  
  106  14:06  Zealot x2  
  106  14:07  Probe x2  
  106  14:08  Observer  
  96  14:17  Stalker x5  
  103  14:27  Zealot x3  
  103  14:28  Zealot  
  109  14:40  Stalker  
  109  14:41  Stalker x4  
  117  14:49  Zealot x3  
Show
View Real Time Build Order
Export as new Build Order

NightPhoenix Protoss 

Build Orders: Oracle Opening 

Get SALT Encoding   

  12  0:00  Probe  
  13  0:12  Probe  
  14  0:17  Pylon  
  14  0:24  Probe (Chrono Boost)  
  15  0:36  Gateway, Probe (Chrono Boost)  
  16  0:44  Probe (Chrono Boost)  
  16  0:46  Assimilator  
  17  0:51  Probe  
  17  0:56  Assimilator  
  18  1:03  Probe (Chrono Boost)  
  19  1:09  Gateway  
  19  1:13  Probe (Chrono Boost)  
  20  1:18  Probe (Chrono Boost)  
  20  1:25  Cybernetics Core  
  21  1:31  Probe  
  22  1:37  Pylon  
  22  1:43  Probe  
  23  1:55  Probe  
  24  2:01  Stalker  
  24  2:02  Stalker  
  28  2:09  Warp Gate  
  28  2:11  Probe  
  29  2:16  Pylon  
  29  2:27  Stargate  
  29  2:38  Adept  
  29  2:39  Adept  
  33  3:05  Nexus  
  33  3:10  Oracle (Chrono Boost)  
  36  3:20  Pylon  
  36  3:24  Probe  
  37  3:40  Oracle  
  40  3:51  Probe  
  41  3:57  Stalker x2  
  45  4:03  Twilight Council, Probe  
  46  4:15  Probe (Chrono Boost)  
  47  4:20  Probe (Chrono Boost)  
  48  4:24  Gateway  
  48  4:27  Probe (Chrono Boost)  
  48  4:29  Probe (Chrono Boost)  
  50  4:32  Probe (Chrono Boost)  
  50  4:34  Probe  
  52  4:41  Probe  
  52  4:45  Blink (Chrono Boost)  
  53  4:47  Probe  
  52  4:54  Probe  
  52  4:59  Probe  
  54  5:04  Nexus  
  54  5:06  Probe  
  55  5:09  Stalker  
  55  5:11  Stalker  
  59  5:14  Probe  
  59  5:18  Probe  
  59  5:26  Assimilator  
  59  5:30  Gateway  
  59  5:31  Gateway, Pylon  
  59  5:35  Pylon  
  59  5:38  Probe x2  
  61  5:50  Probe x2  
  61  5:52  Gateway  
  61  5:53  Forge  
  63  6:02  Probe x2, Stalker  
  63  6:04  Stalker  
  69  6:11  Shield Battery  
  69  6:14  Probe  
  69  6:16  Stalker  
  69  6:18  Shield Battery, Probe  
  73  6:19  Probe  
  74  6:25  Stalker  
  74  6:28  Protoss Ground Weapons Level 1 (Chrono Boost)  
  74  6:31  Stalker x2  
  77  6:35  Probe (Chrono Boost)  
  80  6:40  Probe (Chrono Boost)  
  80  6:43  Probe (Chrono Boost), Pylon  
  80  6:46  Probe (Chrono Boost)  
  81  6:49  Probe (Chrono Boost)  
  81  6:52  Probe x2 (Chrono Boost)  
  81  6:53  Probe (Chrono Boost)  
  84  7:01  Probe, Gateway  
  86  7:02  Probe  
  86  7:03  Gateway  
  86  7:04  Stalker x2  
  86  7:07  Stalker  
  93  7:09  Probe  
  93  7:12  Stalker  
  93  7:13  Probe  
  97  7:17  Probe  
  97  7:21  Probe  
  97  7:25  Probe  
  97  7:26  Pylon  
  97  7:27  Pylon x2  
  97  7:29  Probe  
  99  7:32  Stalker x2  
  101  7:44  Probe x3  
  101  7:45  Robotics Facility  
  101  7:47  Photon Cannon  
  101  7:48  Photon Cannon  
  101  7:49  Assimilator  
  104  7:52  Charge (Chrono Boost)  
  104  7:55  Gateway  
  104  7:58  Gateway  
  104  8:09  Pylon  
  102  8:12  Nexus  
  102  8:13  Stalker  
  102  8:14  Stalker x2  
  104  8:21  Protoss Ground Weapons Level 2 (Chrono Boost)  
  104  8:26  Probe x2  
  106  8:33  Assimilator  
  106  8:36  Assimilator  
  106  8:37  Observer, Robotics Bay  
  106  8:41  Robotics Facility  
  107  8:44  Probe x3  
  107  8:46  Zealot x3  
  107  8:47  Zealot  
  118  8:49  Zealot  
  118  8:50  Zealot  
  118  8:55  Zealot x2  
  126  9:06  Observer  
  127  9:11  Shield Battery  
  127  9:13  Shield Battery, Stalker x2  
  127  9:15  Photon Cannon  
  127  9:16  Pylon  
  131  9:17  Pylon  
  131  9:25  Disruptor (Chrono Boost)  
  131  9:29  Disruptor (Chrono Boost)  
  132  9:36  Stalker x4  
  121  9:47  Stalker x4  
  121  9:50  Disruptor (Chrono Boost)  
  132  10:00  Disruptor (Chrono Boost)  
  132  10:06  Zealot x2  
  132  10:07  Zealot x4  
  145  10:17  Zealot x2  
  145  10:19  Disruptor  
  121  10:31  Stalker x8  
  121  10:32  Observer  
  130  10:41  Protoss Ground Weapons Level 3 (Chrono Boost)  
  128  10:49  Stalker x2  
  132  10:54  Disruptor  
  114  11:12  Stalker x8  
  124  11:34  Nexus  
  124  11:48  Stalker x5  
  124  11:49  Stalker x3  
  138  11:57  Disruptor  
  141  12:02  Disruptor  
  141  12:07  Pylon  
  141  12:08  Pylon  
  140  12:09  Observer  
  125  12:23  Pylon  
  125  12:27  Zealot x10  
  143  12:33  Disruptor  
  144  12:37  Disruptor  
  141  12:48  Stalker x4  
  140  12:58  Stalker x4  
  132  13:12  Zealot x6  
  108  13:23  Stalker x4  
  108  13:27  Stalker x2  
  99  13:30  Stalker x3  
  102  13:38  Stalker  
  102  13:40  Probe x3  
  91  13:41  Probe  
  82  13:49  Zealot  
  82  13:50  Zealot x4  
  82  13:52  Probe  
  82  13:53  Stalker  
  75  14:03  Stalker x2  
  75  14:09  Stalker x2  
  79  14:10  Disruptor (Chrono Boost)  
  79  14:14  Disruptor (Chrono Boost)  
  79  14:25  Stalker x3  
  79  14:30  Stalker  
  84  14:34  Stalker  
  75  14:48  Stalker x3  
Tags
 
Add a new tag
Caveats
  • Supply blocks, unpowered buildings, or Contaminate may cause inaccurate times.
  • Supply counts are checked every 10 seconds.